 Dungeon Crawl Stone Soup version 0.18-a0-1267-gff090c1 (webtiles) character file.

107 sugabear the Cudgeler (level 4, -1/23 HPs)
             Began as a Vine Stalker Gladiator on Feb 6, 2016.
             Slain by an orc
             ... wielding a +0 flail
              (3 damage)
             ... on level 3 of the Dungeon.
             The game lasted 00:02:26 (1779 turns).

sugabear the Cudgeler (Vine Stalker Gladiator)      Turns: 1779, Time: 00:02:26

Health: -1/23      AC:  4    Str: 18    XL:     4   Next: 86%
Magic:  0/5        EV:  8    Int:  8    God:
Gold:   45         SH:  0    Dex: 15    Spells: 0 memorised, 3 levels left

rFire  . . .     SeeInvis .     a - +0 flail
rCold  . . .     Gourm    .     b - +0 leather armour
rNeg   . . .     Faith    .     (no shield)
rPois  .         Spirit   +     c - +0 helmet
rElec  .         Dismiss  .     (no cloak)
rCorr  .         Reflect  .     (no gloves)
SustAt .         Harm     .     (no boots)
MR     .....                    (no amulet)
Stlth  +.........               (no ring)
                                (no ring)

@: not resistant to hostile enchantments, very unstealthy
A: fangs 2, regeneration 1, magic shield, antimagic bite, no device heal 3, rot
immunity
a: no special abilities


You were on level 3 of the Dungeon.
You were not hungry.

You visited 1 branch of the dungeon, and saw 3 of its levels.

You collected 45 gold pieces.

Inventory:

Hand Weapons
 a - a +0 flail (weapon)
Missiles
 d - 3 throwing nets (quivered)
 p - 3 tomahawks
Armour
 b - a +0 leather armour (worn)
 c - a +0 helmet (worn)
 u - a +0 ring mail
Jewellery
 s - an uncursed amulet of faith {unknown}
Wands
 w - a wand of confusion (26/48)
Scrolls
 e - 2 scrolls of teleportation {unknown}
 h - 4 scrolls of remove curse {unknown}
 i - a scroll of noise {unknown}
 k - a scroll of enchant weapon {unknown}
 l - a scroll of identify {unknown}
 n - 2 scrolls of enchant armour {unknown}
 t - a scroll of magic mapping {unknown}
Potions
 g - a potion of haste {unknown}
 j - a potion of curing {unknown}
 o - 3 potions of might {unknown}
 v - a potion of invisibility {unknown}
Comestibles
 f - 3 bread rations
 m - 2 fruits
 q - a beef jerky
 r - 6 chunks of flesh


   Skills:
 + Level 2.4 Fighting
 + Level 3.3 Maces & Flails
 + Level 1.8 Throwing
 + Level 1.0 Armour
 + Level 3.3 Dodging


You had 3 spell levels left.
You didn't know any spells.

Dungeon Overview and Level Annotations

Branches:
Dungeon (3/15)

Altars:


Innate Abilities, Weirdness & Mutations

You have extremely sharp teeth.
Your natural rate of healing is unusually fast.
When hurt, damage is shared between your health and your magic reserves.
Your bite disrupts and absorbs the magic of your enemies.
Potions and wands cannot restore your health.
You are immune to rotting.


Message History

You hit the orc wizard but do no damage.
The orc wizard is heavily wounded.
The orc wizard barely misses you. The orc closely misses you.
The orc wizard gestures at you while chanting.
The magic dart hits you!
You barely miss the orc wizard.
You bite the orc wizard, but do no damage.
The orc wizard is heavily wounded.
The orc barely misses you. The orc wizard hits you with a dagger.
* * * LOW HITPOINT WARNING * * *
The orc hits you but does no damage.
Unknown command.
The orc hits you with a flail.
* * * LOW HITPOINT WARNING * * *
There is a stone staircase leading up here.
Unknown command.
The orc wizard hits you with a dagger.
* * * LOW HITPOINT WARNING * * *
The orc hits you with a flail.
You die...

.. ## ... #.
...###.###
.........#
.(.......#
......(..# #
.........# .#
.......oo#..#
######'#@...#
#.###.## ..
... ... ..#
.... ..#
..... .#
#..... ##


You could see an orc wizard and an orc.

Vanquished Creatures
  6 adders (D:2)
  An ooze (D:1)
  2 giant geckos (D:2)
  4 orcs (D:3)
  5 bats
  6 goblins
  4 hobgoblins (D:2)
  2 jackals (D:1)
  A giant newt (D:1)
  9 kobolds
  6 rats
46 creatures vanquished.

Notes
Turn   | Place    | Note
--------------------------------------------------------------
     0 | D:1      | sugabear the Vine Stalker Gladiator began the quest for the Orb.
     0 | D:1      | Reached XP level 1. HP: 11/11 MP: 2/2
   102 | D:1      | Reached XP level 2. HP: 13/15 MP: 3/3
   344 | D:1      | Reached XP level 3. HP: 18/18 MP: 4/4
   413 | D:1      | Reached skill level 3 in Dodging
  1159 | D:2      | Reached XP level 4. HP: 23/23 MP: 5/5
  1746 | D:3      | Reached skill level 1 in Armour
  1779 | D:3      | Slain by an orc

Vault maps used:
D:1:      lemuel_arrival_tunnels, hangedman_decor_peaks_small,
          kennysheep_decorative_pillar
D:2:      first_bread

Action                   |  1- 3 |  4- 6 || total
-------------------------+-------+-------++-------
Melee: Flail             |    82 |    67 ||   149
Throw: Tomahawk          |       |     4 ||     4
 Stab: Sleeping          |     1 |       ||     1
  Eat: Chunk             |     1 |     2 ||     3
